 Dungeon Crawl Stone Soup version 0.31-a0-1057-g70f3316b05 (webtiles) character file.

Game seed: 12167578241711889451

359 Avanven the Slasher (level 6, 0/47 HPs)
             Began as a Formicid Fighter on Nov 20, 2023.
             Slain by Pikel
             ... wielding a +2 whip of freezing
              (2 damage)
             ... on level 4 of the Dungeon.
             The game lasted 00:05:30 (3711 turns).

Avanven the Slasher (Formicid Fighter)              Turns: 3711, Time: 00:05:32

Health: 0/47       AC: 11    Str: 23    XL:     6   Next: 97%
Magic:  6/6        EV:  9    Int:  7    God:
Gold:   149        SH:  5    Dex: 13    Spells: 5/5 levels left

rFire   . . .        a - +0 long sword
rCold   . . .        c - +0 buckler
rNeg    . . .        b - +1 scale mail
rPois   .            (helmet unavailable)
rElec   .            (no cloak)
rCorr   .            (no gloves)
SInv    +            h - +2 pair of boots
Will    .....        (no amulet) Stlth
                     (no ring)
HPRegen 0.27/turn    (no ring)
MPRegen 0.10/turn

%: no passive effects
@: no status effects
A: permanent stasis, dig shafts and tunnels, antennae 3, four strong arms
a: Dig, Shaft Self


You were on level 4 of the Dungeon.
You visited 1 branch of the dungeon, and saw 4 of its levels.

You collected 149 gold pieces.

Inventory:

Hand Weapons
 a - a +0 long sword (weapon)
Armour
 b - a +1 scale mail (worn)
 c - a +0 buckler (worn)
 h - a +2 pair of boots (worn)
Jewellery
 f - a +6 ring of intelligence
Scrolls
 e - 2 scrolls of enchant armour
Potions
 g - a potion of enlightenment
 j - 6 potions of curing
 k - a potion of mutation {unknown}
 m - a potion of degeneration {unknown}
 n - a potion of haste {unknown}
 o - a potion of brilliance {unknown}


   Skills:
 - Level 3.2 Fighting
 * Level 5.9 Long Blades
 - Level 4.2 Armour
 - Level 5.1 Shields


You had 5 spell levels left.
You didn't know any spells.
Your spell library contained the following spells:

 Spells                   Type           Power      Damage    Failure   Level
 Ignite Poison            Fire/Tmut/Pois 0%         N/A       99%         3
 Sticky Flame             Conj/Fire      0%         2d3       100%        4
 Ignition                 Fire           0%         3d3       100%        8


Dungeon Overview and Level Annotations

Branches:
Dungeon (4/15)
 Temple: D:4-7

Altars:
Elyvilon

Shops:
D:4 *

Annotations:
D:4 Pikel


Innate Abilities, Weirdness & Mutations

You cannot be hasted, slowed, berserked, paralysed or teleported.
You can dig through walls and to a lower floor.
You have a pair of large antennae on your head. (SInv)
Your four strong arms can wield two-handed weapons with a shield.


Message History

Pikel is severely wounded.
Pikel hits you but does no damage.
You hit Pikel.
Pikel is severely wounded.
Pikel hits you with a +2 whip of freezing.
Pikel freezes you.
Pikel hits you with a +2 whip of freezing.
Pikel freezes you.
You closely miss Pikel.
Pikel is severely wounded.
Pikel says, "I just want to get paid!"
Pikel hits you with a +2 whip of freezing!
* * * LOW HITPOINT WARNING * * *
Pikel freezes you.
* * * LOW HITPOINT WARNING * * *
You closely miss Pikel.
Pikel is severely wounded.
Pikel hits you with a +2 whip of freezing.
* * * LOW HITPOINT WARNING * * *
Pikel freezes you.
* * * LOW HITPOINT WARNING * * *
You closely miss Pikel.
Pikel is severely wounded.
Pikel barely misses you.
You slash Pikel!
Pikel is almost dead.
Pikel closely misses you.
You barely miss Pikel.
Pikel is almost dead.
You block Pikel's attack. Pikel hits you but does no damage.
You closely miss Pikel.
Pikel is almost dead.
You block Pikel's attack.
You hit Pikel.
Pikel is almost dead.
Pikel hits you with a +2 whip of freezing.
* * * LOW HITPOINT WARNING * * *
Pikel freezes you.
You die...
Pikel says, "Another soul for the market."

####..........#
...............
5..............
...............
......gg.......
.>...gK5g.....#
#55{...#
#K###.## #@##
...g...... #..#
...g...... #..#
.......S.. #..#
...g..{.. #..#
....{{.# #..#
## ......# #..#
#######. .....#
#..# #.......
....## #..#
#.......


You could see Pikel, 3 lemures, 2 gnolls, a goblin and a kobold.

Vanquished Creatures
  A sky beast (D:4)
  2 orc priests
  2 orc wizards (D:4)
  A gnoll (D:4)
  6 adders
  2 worms
  16 orcs
  4 ball pythons
  6 endoplasms
  3 giant cockroaches
  4 goblins
  9 hobgoblins
  7 kobolds
  4 quokkas
  2 bats (D:1)
  3 frilled lizards
  7 rats
79 creatures vanquished.

Notes
Turn   | Place    | Note
-------+----------+-------------------------------------------
     0 | D:1      | Avanven the Formicid Fighter began the quest for the Orb.
     0 | D:1      | Reached XP level 1. HP: 18/18 MP: 1/1
   364 | D:1      | Reached XP level 2. HP: 24/24 MP: 2/2
   842 | D:1      | Reached XP level 3. HP: 28/29 MP: 3/3
  1183 | D:2      | Reached XP level 4. HP: 35/35 MP: 4/4
  1982 | D:3      | Reached XP level 5. HP: 27/41 MP: 5/5
  2273 | D:3      | Identified the +0 ring mail "Nuwnimao" {Dex+3}
  2592 | D:3      | Reached skill level 5 in Shields
  2846 | D:4      | Found a white marble altar of Elyvilon.
  3066 | D:4      | Found Ixasomim's General Store.
  3131 | D:4      | Noticed a sky beast
  3145 | D:4      | Reached XP level 6. HP: 20/47 MP: 6/6
  3147 | D:4      | Killed a sky beast
  3148 | D:4      | Reached skill level 5 in Long Blades
  3675 | D:4      | Noticed Pikel
  3711 | D:4      | HP: 2/47 [Pikel/+2 whip of freezing (3)]
  3711 | D:4      | Slain by Pikel

Illustrated notes

Levels and vault maps discovered:
D:1:      lemuel_arrival_river_bridge, layout_loops_corners, minivault_27
D:2:      layout_basic
D:3:      layout_basic
D:4:      layout_cave_pods, overflow_temple_1_default, serial_shops, shop,
          wad_floor_pattern_1, minmay_misc_feat_doors, uniq_pikel

Skill      XL: |  1  2  3  4  5  6 |
---------------+-------------------+-----
Long Blades    | 3 4 5 |  5.9
Armour         | 4 |  4.2
Shields        | 5 |  5.1
Fighting       | |  3.2

Action                     |  1- 3 |  4- 6 || total
---------------------------+-------+-------++-------
  Melee: Long sword        |   103 |   244 ||   347
    Use: Scroll            |     2 |     8 ||    10
         Potion            |       |     3 ||     3
 Armour: Scale mail        |    75 |   190 ||   265
  Dodge: Dodged            |    51 |    88 ||   139
  Block: Buckler           |    36 |    58 ||    94

Table legend: (Time is in decaauts)
 A = Elapsed time spent in this place.
 B = Non-inter-level travel time spent in this place.
 C = Inter-level travel time spent in this place.
 D = Time resting spent in this place.
 E = Time spent auto-exploring this place.
 F = Levels seen in this place.
 G = Mean time per level.
                   A        B        C        D        E       F      G
               +--------+--------+--------+--------+--------+-----+--------+
         Total |   3794 |   3684 |    110 |    745 |   2174 |   4 |  948.5 |
       Dungeon |   3794 |   3684 |    110 |    745 |   2174 |   4 |  948.5 |
               +--------+--------+--------+--------+--------+-----+--------+

Top non-repeatable levels by time:
     D:3: 1070 daAuts
     D:1: 1046 daAuts
     D:4: 985 daAuts
     D:2: 691 daAuts
